AoeStats
← EMPEROR98265292

Pilgrims

508046274Analyzed
2v2 RM · 12d ago on Sep 20, 2026· 54m 15s· 4 players
Game mode
Random Map
Map size
Medium (4 player)
Population
200
Speed
Normal
Resources
Standard
Victory
Conquest
Starting age
Dark Age
Ending age
Imperial Age
RankedLock teamsTeams togetherTeam positionsShared explorationLock speedFull tech treeHidden civsTurbo modeCheats
Victory
Defeat
🇺🇸 Persians · United States
1518
+14
🇺🇸 Magyars · United States
1503
+15
🇮🇳 Georgians · India
1513
-16
🇮🇳 Persians · India
1451
-13
AP
2:29 Loom
10:03 Feudal Age
18:19 Castle Age
17:28 Double-Bit Axe
17:27 Horse Collar
20:44 Bloodlines
22:13 Scale Barding Armor
26:17 Wheelbarrow
26:09 Chain Barding Armor
27:30 Husbandry
27:41 Forging
27:56 Town Watch
30:25 Iron Casting
31:15 Husbandry
42:39 Imperial Age
44:13 Heavy Camel Rider
45:40 Light Cavalry
47:06 Hand Cart
49:44 Bow Saw
50:41 Plate Barding Armor
51:08 Blast Furnace
EMPEROR98265292
4:49 Loom
11:26 Feudal Age
15:24 Castle Age
13:46 Fletching
22:44 Bodkin Arrow
24:48 Padded Archer Armor
27:12 Leather Archer Armor
28:49 Bloodlines
38:40 Svan Towers
42:36 Wheelbarrow
44:50 Ballistics
44:26 Murder Holes
46:16 Hand Cart
47:01 Scale Barding Armor
48:56 Guard Tower
49:17 Masonry
50:01 Pikeman
51:11 Light Cavalry
52:35 Scale Mail Armor
52:45 Forging
53:48 Chain Mail Armor
55:05 Iron Casting
That Guy
6:08 Loom
10:01 Feudal Age
16:09 Castle Age
14:10 Fletching
16:53 Medium Warships
16:42 Bodkin Arrow
19:02 Double-Bit Axe
21:25 Ballistics
21:14 Fishing Lines
23:20 Horse Collar
25:16 Gillnets
26:07 Bow Saw
31:36 Imperial Age
34:57 Scale Barding Armor
35:17 Bloodlines
36:01 Husbandry
35:33 Cavalier
35:41 Heavy Camel Rider
36:30 Gold Mining
37:21 Chain Barding Armor
38:05 Conscription
38:54 Plate Barding Armor
39:08 Forging
41:44 Iron Casting
44:01 Capped Ram
46:44 Siege Ram
48:57 Blast Furnace
53:42 Kamandaran
iron john
9:43 Loom
11:43 Feudal Age
12:44 Double-Bit Axe
15:33 Castle Age
13:52 Bloodlines
13:48 Scale Barding Armor
15:22 Horse Collar
19:08 Husbandry
25:24 Chain Barding Armor
32:22 Fletching
34:07 Bodkin Arrow
35:39 Wheelbarrow
35:59 Herbal Medicine
36:59 Town Watch
44:01 Imperial Age
43:07 Bow Saw
43:53 Ballistics
44:25 Corvinian Army
44:44 Bracer
45:46 Chemistry
49:19 Sappers
50:03 Recurve Bow
50:14 Padded Archer Armor
51:31 Conscription
52:22 Murder Holes
55:19 Plate Barding Armor
Connection lost

Rejoining the realm…

Still unreachable

The connection could not be restored.

Session expired

The server has moved on; the page needs a fresh start.